 Dungeon Crawl Stone Soup version 0.30.0-5-g1a98f26d00 (webtiles) character file.

Game seed: 9118544579205845990

174 VictoriousLee the Slasher (level 5, -1/41 HPs)
             Began as a Draconian Reaver on May 12, 2023.
             Slain by an adder (2 damage)
             ... on level 3 of the Dungeon.
             The game lasted 00:10:24 (2358 turns).

VictoriousLee the Slasher (Draconian Reaver)        Turns: 2358, Time: 00:10:25

Health: -1/41      AC: -1    Str: 17    XL:     5   Next: 28%
Magic:  8/8        EV: 11    Int: 19    God:
Gold:   150        SH:  2    Dex:  9    Spells: 5/8 levels left

rFire   . . .        g - +0 long sword
rCold   . . .        o - +0 buckler
rNeg    . . .        (body armour unavailable)
rPois   .            (helmet restricted)
rElec   .            q - +1 cloak
rCorr   .            (no gloves)
SInv    .            (no boots)
Will    .....        (no amulet)
Stlth   +            m - +6 ring of intelligence
HPRegen 0.26/turn    (no ring)
MPRegen 0.11/turn

%: no passive effects
@: lethally poisoned (-1 -> -4), corroded
A: AC +5, unfitting armour, cold-blooded
a: no special abilities


You were on level 3 of the Dungeon.
You visited 1 branch of the dungeon, and saw 3 of its levels.

You collected 150 gold pieces.

Inventory:

Hand Weapons
 a - a +0 falchion
 g - a +0 long sword (weapon)
Armour
 c - a scarf of shadows
 o - a +0 buckler (worn)
 q - a +1 cloak (worn)
Jewellery
 m - a +6 ring of intelligence (left hand)
Scrolls
 b - 6 scrolls of teleportation {unknown}
 d - 2 scrolls of fear {unknown}
 f - a scroll of identify {unknown}
 i - a scroll of enchant armour {unknown}
 j - a scroll of butterflies {unknown}
 n - a scroll of torment {unknown}
 p - a scroll of enchant weapon {unknown}
 r - a scroll of brand weapon {unknown}
Potions
 e - a potion of berserk rage {unknown}
 h - 2 potions of brilliance {unknown}
 k - 2 potions of haste {unknown}
 l - a potion of heal wounds {unknown}


   Skills:
 - Level 2.1 Fighting
 * Level 5.2 Long Blades
 - Level 1.7 Dodging
 - Level 2.0 Spellcasting
 + Level 4.2 Conjurations


You had 5 spell levels left.
You knew the following spells:

 Your Spells              Type           Power      Damage    Failure   Level
a - Kiss of Death         Conj/Necr      36%        2d8       10%         1
b - Momentum Strike       Conj/Tloc      18%        3d8       14%         2

Your spell library contained the following spells:

 Spells                   Type           Power      Damage    Failure   Level
 Slow                     Hex            4%         N/A       22%         1
 Hailstorm                Conj/Ice       9%         3d4       28%         3


Dungeon Overview and Level Annotations

Branches:
Dungeon (3/15)

Altars:
Wu Jian

Portals:
Sewer: D:3

Annotations:
D:3 Natasha


Innate Abilities, Weirdness & Mutations

Your plain brown scales are hard. (AC +5)
You cannot fit into any form of body armour.
You are cold-blooded and may be slowed by cold attacks.


Message History

The jelly closely misses you.
You barely miss the jelly.
The jelly is lightly wounded.
The adder completely misses you. The jelly hits you.
You are splashed with acid.
The adder bites you.
You barely miss the jelly. You tail-slap the jelly.
The jelly is moderately wounded.
The jelly barely misses you. The adder bites you but does no damage.
You hit the jelly but do no damage.
Your hands burn!
The jelly is moderately wounded.
The jelly hits you but does no damage. The adder bites you.
The jelly barely misses you. The adder attacks as you move away!
The adder barely misses you.
Natasha, Servant of Life and Death comes into view.
The adder closely misses you.
You enter the shallow water.
Moving in this stuff is going to be slow.
Natasha hisses angrily.
The jelly completely misses you. The jelly attacks as you move away!
The jelly barely misses you. The adder barely misses you.
Natasha hisses.
The adder bites you but does no damage. The adder bites you but does no damage.
The jelly hits you. The acid corrodes you!
You are splashed with acid!
The adder bites you.
You are poisoned.
The adder poisons you! The jelly attacks as you move away! The jelly hits you.
You are splashed with acid.
* * * LOW HITPOINT WARNING * * *
You feel very sick. The adder barely misses you.
The jelly jiggles.
The jelly hits you.
* * * LOW HITPOINT WARNING * * *
You are splashed with acid!
* * * LOW HITPOINT WARNING * * *
The adder bites you.
You die...

...# ....# ....##...#
........## ........ .
#$.... . #.... .##
#...###########.#
#....~~~J†~~~~..#
...#....~~hS@~~~~†.#
#.........)~~~~~~~~†..#
.#.###################.#
..## ##.# #.#.##.# #..#
####..#####.#....#####
#..#
#.......#.....#...[..#
#..#
#.#.###.#.#.≈.#.####.#
#..###.#.#
#.#.....#.#<##.#
#)..##.#.#
#.#..._........#


You could see a jelly, Natasha and an adder.

Vanquished Creatures
  Crazy Yiuf (D:2)
  Natasha (D:3)
  Terence (D:2)
  3 adders
  A worm (D:2)
  A dart slug (D:3)
  9 bats
  4 endoplasms
  6 giant cockroaches
  8 goblins
  4 hobgoblins
  3 kobolds
  3 quokkas (D:3)
  9 ball pythons
  6 frilled lizards
  6 rats
66 creatures vanquished.

Notes
Turn   | Place    | Note
-------+----------+-------------------------------------------
     0 | D:1      | VictoriousLee the Draconian Reaver began the quest for the
                  | Orb.
     0 | D:1      | Reached XP level 1. HP: 17/17 MP: 3/3
    85 | D:1      | Reached XP level 2. HP: 19/23 MP: 5/5
   106 | D:1      | Learned a level 2 spell: Momentum Strike
   662 | D:1      | Reached XP level 3. HP: 25/25 MP: 6/6
  1127 | D:2      | Reached skill level 4 in Long Blades
  1154 | D:2      | Noticed Terence
  1165 | D:2      | Killed Terence
  1351 | D:2      | Reached XP level 4. HP: 33/35 MP: 7/7
  1490 | D:2      | Found a faded altar of an unknown god.
  1556 | D:2      | Got Plato's Tome of the Sphinx
  1965 | D:2      | Found a runed translucent door.
  1966 | D:2      | Noticed Crazy Yiuf
  1973 | D:2      | Killed Crazy Yiuf
  2154 | D:3      | Reached skill level 5 in Long Blades
  2154 | D:3      | Noticed Natasha
  2171 | D:3      | Killed Natasha
  2172 | D:3      | Reached XP level 5. HP: 29/41 MP: 8/8
  2297 | D:3      | Found an ornate altar of the Wu Jian Council.
  2312 | D:3      | Found a glowing drain.
  2353 | D:3      | Noticed Natasha
  2358 | D:3      | HP: 1/41 [acid (7)]
  2358 | D:3      | Slain by an adder

Illustrated notes

Levels and vault maps discovered:
D:1:      sevenhm_arrival_forest_fort_large_1, layout_loops_ring
D:2:      layout_basic, shapermc_ecumenical_altar_rom_forum, uniq_terence,
          uniq_crazy_yiuf_cottage
D:3:      layout_basic, mainiacjoe_overflow_tiny_flanked, portal_sewer_entry_f,
          minmay_misc_feat_chi, uniq_natasha

Skill      XL: |  1  2  3  4 |
---------------+-------------+-----
Long Blades    | 4 5 |  5.2
Conjurations   | 4 |  4.2
Fighting       | |  2.1
Dodging        | |  1.7
Spellcasting   | |  2.0

Action                     |  1- 3 |  4- 6 || total
---------------------------+-------+-------++-------
  Melee: Falchion          |    61 |       ||    61
         Tailslap          |     8 |     9 ||    17
         Long sword        |    68 |    82 ||   150
         Punch             |     4 |       ||     4
   Cast: Kiss of Death     |     2 |     1 ||     3
   Stab: Sleeping          |       |     1 ||     1
 Armour: Skin              |    49 |    24 ||    73
  Dodge: Dodged            |   102 |    59 ||   161
  Block: Buckler           |       |     9 ||     9
